AoeStats
← bernardmurphy5

Arabia

510877975Analyzed
1v1 RM · 10h ago on Oct 2, 2026· 61m 47s· 2 players
Game mode
Random Map
Map size
Tiny (2 player)
Population
200
Speed
Normal
Resources
Standard
Victory
Conquest
Starting age
Dark Age
Ending age
Imperial Age
RankedLock teamsTeams togetherTeam positionsShared explorationLock speedFull tech treeHidden civsTurbo modeCheats
Victory
Defeat
🇹🇼 Byzantines · Taiwan
1110
+16
🇦🇺 Ethiopians · Australia
1117
-37
裝甲蟑螂
7:06 Loom
9:28 Feudal Age
10:04 Double-Bit Axe
21:06 Castle Age
19:12 Horse Collar
19:57 Gold Mining
20:36 Forging
21:08 Scale Barding Armor
21:33 Stone Mining
22:56 Wheelbarrow
23:38 Chain Barding Armor
23:55 Elite Skirmisher
26:05 Fletching
25:50 Light Cavalry
26:48 Bow Saw
29:36 Hand Cart
29:44 Husbandry
31:25 Bodkin Arrow
33:07 Padded Archer Armor
38:30 Imperial Age
38:01 Leather Archer Armor
41:00 Plate Barding Armor
42:27 Gold Shaft Mining
42:24 Conscription
42:49 Ballistics
42:44 Cavalier
46:40 Chemistry
47:41 Stone Shaft Mining
51:47 Bracer
52:18 Ring Archer Armor
54:41 Iron Casting
55:28 Two-Man Saw
54:17 Paladin
56:12 Hussar
59:34 Murder Holes
bernardmurphy5
8:46 Loom
11:00 Feudal Age
19:21 Castle Age
18:30 Double-Bit Axe
19:32 Crossbowman
20:52 Bow Saw
22:49 Fletching
24:09 Bodkin Arrow
27:28 Wheelbarrow
31:17 Horse Collar
32:22 Ballistics
38:59 Imperial Age
38:03 Town Watch
39:57 Bracer
41:34 Arbalester
44:30 Chemistry
44:03 Padded Archer Armor
44:59 Leather Archer Armor
44:24 Light Cavalry
47:15 Ring Archer Armor
46:53 Scale Barding Armor
46:59 Forging
52:26 Chain Barding Armor
52:42 Iron Casting
51:30 Hussar
52:36 Husbandry
53:07 Conscription
57:46 Thumb Ring
Connection lost

Rejoining the realm…

Still unreachable

The connection could not be restored.

Session expired

The server has moved on; the page needs a fresh start.